 Dungeon Crawl Stone Soup version 0.23-a0-612-gcb482e9 (webtiles) character file.

462566 Mgcat the Executioner (level 24, -17/233 HPs)
             Began as a Hill Orc Gladiator on Dec 21, 2018.
             Was the Champion of Makhleb.
             Killed from afar by a frost giant (31 damage)
             ... with a bolt of cold
             ... on level 4 of the Depths.
             The game lasted 01:47:37 (44296 turns).

Mgcat the Executioner (Hill Orc Gladiator)         Turns: 44296, Time: 01:47:38

Health: -17/233    AC: 50    Str: 27    XL:     24   Next: 51%
Magic:  22/30      EV:  8    Int: 13    God:    Makhleb [******]
Gold:   2692       SH:  0    Dex: 12    Spells: 48/48 levels left

rFire    + + .     SeeInvis +   k - +9 battleaxe (drain)
rCold    . . .     Gourm    .   (shield currently unavailable)
rNeg     . . .     Faith    +   a - +10 crystal plate armour of the Lich-sworn {rF+ Str+2 Int+2}
rPois    .         Spirit   .   y - +2 helmet of Guisa {+Inv MP-9 Slay+6 Stlth+}
rElec    .         Reflect  .   D - +2 cloak
rCorr    .         Harm     .   S - +4 pair of gloves "Pang" {Dex+2 SInv Stlth+}
MR       ++...                  m - +2 pair of boots {Fly}
Stlth    ..........             l - amulet "Wymn" {Faith rF+}
HPRegen  0.48/turn              v - ring of protection from magic {MR+, !d}
MPRegen  0.22/turn              B - +5 ring of protection

@: about to teleport, flying, very slightly contaminated, very heavily drained
A: clumsy 1
}: 2/15 runes: decaying, gossamer
a: Minor Destruction, Lesser Servant of Makhleb, Major Destruction, Greater
Servant of Makhleb, Renounce Religion, Evoke Invisibility, Stop Flying


You were on level 4 of the Depths.
You worshipped Makhleb.
Makhleb was exalted by your worship.
You were very hungry.

You visited 7 branches of the dungeon, and saw 39 of its levels.
You visited the Abyss 3 times.
You also visited: Gauntlet, Ice Cave, Volcano and Wizlab.

You collected 5626 gold pieces.
You spent 2934 gold pieces at shops.

Inventory:

Hand Weapons
 k - a +9 battleaxe of draining (weapon)
   (You took it off a salamander mystic in a volcano)
Missiles
 d - 8 throwing nets {=f, !d}
Armour
 a - the +10 crystal plate armour of the Lich-sworn (worn) {rF+ Str+2 Int+2}
   (You acquired it on level 1 of the Vaults)

   It affects your strength (+2).
   It affects your intelligence (+2).
   It protects you from fire.
 j - the +0 hat "Figuf" {Regen+ rCorr Str+3}
   (You found it in a Gauntlet)

   It affects your strength (+3).
   It increases your rate of regeneration.
   It provides partial protection from all sources of acid and corrosion.
 m - a +2 pair of boots of flying (worn)
   (You found it on level 4 of the Lair of Beasts)
 y - the +2 helmet of Guisa (worn) {+Inv MP-9 Slay+6 Stlth+}
   (You found it on level 5 of the Dungeon)

   It affects your accuracy and damage with ranged weapons and melee attacks
   (+6).
   It affects your magic capacity (-9).
   It lets you turn invisible.
   It makes you more stealthy.
 D - a +2 cloak (worn)
   (You found it on level 2 of the Depths)
 S - the +4 pair of gloves "Pang" (worn) {Dex+2 SInv Stlth+}
   (You found it on level 4 of the Vaults)

   It affects your dexterity (+2).
   It lets you see invisible.
   It makes you more stealthy.
Jewellery
 l - the amulet "Wymn" (around neck) {Faith rF+}
   (You acquired it on level 2 of the Orcish Mines)

   [amulet of faith]

   It allows you to gain divine favour quickly.
   It protects you from fire.
 o - an uncursed ring of protection from cold {rC+, !d}
   (You found it on level 2 of the Dungeon)
 s - the ring "Lagral" {+Fly rN+}
   (You found it in a Gauntlet)

   [ring of flight]

   It protects you from negative energy.
   It lets you fly.
 v - a ring of protection from magic (left hand) {MR+, !d}
   (You found it on level 8 of the Dungeon)
 B - a +5 ring of protection (right hand)
   (You found it on level 8 of the Dungeon)
Wands
 A - a wand of clouds (9)
   (You found it on level 8 of the Dungeon)
 E - a wand of iceblast (22)
   (You found it on level 6 of the Dungeon)
 I - a wand of scattershot (6)
   (You found it on level 6 of the Lair of Beasts)
 N - a wand of enslavement (7)
   (You found it on level 3 of the Depths)
 P - a wand of acid (12)
   (You found it on level 4 of the Lair of Beasts)
Scrolls
 b - 6 scrolls of fog
 c - 6 scrolls of magic mapping {!r}
 e - 25 scrolls of identify
 g - 12 scrolls of teleportation
 h - 10 scrolls of blinking {!r}
 n - 20 scrolls of remove curse
 w - 3 scrolls of enchant armour
 x - 3 scrolls of silence
 L - 3 scrolls of holy word {!r}
 O - 8 scrolls of fear
 V - 2 scrolls of summoning
 X - 4 scrolls of enchant weapon
Potions
 i - 2 potions of invisibility
 p - 3 potions of heal wounds
 q - 11 potions of lignification {!q}
 r - 3 potions of resistance
 z - 5 potions of haste
 C - 4 potions of berserk rage {!q}
 F - 6 potions of might
 H - a potion of mutation {!q}
 J - 8 potions of ambrosia
 R - 8 potions of agility
 T - 11 potions of curing
Miscellaneous
 u - a lamp of fire
   (You found it on level 13 of the Dungeon)
 G - a lightning rod (4/4)
   (You found it on level 3 of the Depths)
 K - a sack of spiders
 Q - a fan of gales
   (You found it in an ice cave)
Comestibles
 f - 67 rations


   Skills:
 + Level 22.7(15.3) Fighting
 - Level 22.9(15.6) Axes
 - Level 1.7(0.0) Throwing
 - Level 14.9(8.6) Armour
 - Level 13.1(7.1) Dodging
 + Level 12.8(6.8) Spellcasting
 - Level 18.0(11.3) Invocations
 - Level 15.0(8.7) Evocations


You had 48 spell levels left.
You didn't know any spells.
Your spell library contained the following spells:

 Spells                   Type           Power        Failure   Level  Hunger
 Animate Skeleton         Necr           N/A          99%         1    None
 Apportation              Tloc           #.....       99%         1    None
 Beastly Appendage        Tmut           #.....       99%         1    None
 Confusing Touch          Hex            #.....       99%         1    None
 Freeze                   Ice            #...         99%         1    None
 Infusion                 Chrm           #...         99%         1    None
 Magic Dart               Conj           #...         99%         1    None
 Sandblast                Erth           #.....       99%         1    None
 Sting                    Conj/Pois      #...         99%         1    None
 Summon Butterflies       Summ           #.......     99%         1    None
 Summon Small Mammal      Summ           #...         99%         1    None
 Blink                    Tloc           N/A          100%        2    #......
 Call Imp                 Summ           #.......     100%        2    #......
 Corpse Rot               Necr           N/A          100%        2    #......
 Passwall                 Tmut/Erth      #.......     100%        2    #......
 Searing Ray              Conj           #.....       100%        2    #......
 Shroud of Golubria       Chrm/Tloc      #.........   100%        2    #......
 Slow                     Hex            #.......     100%        2    #......
 Song of Slaying          Chrm           #.......     100%        2    #......
 Sublimation of Blood     Necr           #.........   100%        2    #......
 Swiftness                Chrm/Air       #.......     100%        2    #......
 Throw Frost              Conj/Ice       #.....       100%        2    #......
 Call Canine Familiar     Summ           #.......     100%        3    ###....
 Conjure Flame            Conj/Fire      #.......     100%        3    ###....
 Dazzling Spray           Conj/Hex       #.....       100%        3    ###....
 Mephitic Cloud           Conj/Pois/Air  #.......     100%        3    ###....
 Ozocubu's Armour         Chrm/Ice       #.......     100%        3    ###....
 Recall                   Summ/Tloc      N/A          100%        3    ###....
 Regeneration             Chrm/Necr      #.........   100%        3    ###....
 Spectral Weapon          Hex/Chrm       #.......     100%        3    ###....
 Static Discharge         Conj/Air       #.......     100%        3    ###....
 Stone Arrow              Conj/Erth      #.....       100%        3    ###....
 Summon Guardian Golem    Hex/Summ       #.......     100%        3    ###....
 Animate Dead             Necr           N/A          100%        4    ####...
 Cause Fear               Hex            #.........   100%        4    ####...
 Force Lance              Conj/Tloc      #.......     100%        4    ####...
 Fulminant Prism          Conj/Hex       #.........   100%        4    ####...
 Ice Form                 Ice/Tmut       #.......     100%        4    ####...
 Iskenderun's Mystic Bla  Conj           #.......     100%        4    ####...
 Leda's Liquefaction      Hex/Erth       #.........   100%        4    ####...
 Passage of Golubria      Tloc           N/A          100%        4    ####...
 Petrify                  Tmut/Erth      #.......     100%        4    ####...
 Sticky Flame             Conj/Fire      #.......     100%        4    ####...
 Summon Ice Beast         Ice/Summ       #.......     100%        4    ####...
 Summon Lightning Spire   Summ/Air       #.......     100%        4    ####...
 Throw Icicle             Conj/Ice       #.......     100%        4    ####...
 Agony                    Necr           #.......     100%        5    ######.
 Alistair's Intoxication  Tmut/Pois      #.......     100%        5    ######.
 Bolt of Draining         Conj/Necr      #.........   100%        5    ######.
 Bolt of Magma            Conj/Fire/Erth #.........   100%        5    ######.
 Borgnjor's Vile Clutch   Necr/Erth      #.........   100%        5    ######.
 Dispel Undead            Necr           #.......     100%        5    ######.
 Excruciating Wounds      Chrm/Necr      #.........   100%        5    ######.
 Iskenderun's Battlesphe  Conj/Chrm      #.......     100%        5    ######.
 Lee's Rapid Deconstruct  Erth           #.........   100%        5    ######.
 Metabolic Englaciation   Hex/Ice        #.........   100%        5    ######.
 Silence                  Hex/Air        #.........   100%        5    ######.
 Summon Mana Viper        Hex/Summ       #.......     100%        5    ######.
 Yara's Violent Unravell  Hex/Tmut       #.........   100%        5    ######.
 Bolt of Cold             Conj/Ice       #.........   100%        6    #######
 Conjure Ball Lightning   Conj/Air       #.........   100%        6    #######
 Darkness                 Hex            #.........   100%        6    #######
 Death Channel            Necr           #.........   100%        6    #######
 Deflect Missiles         Chrm/Air       #.........   100%        6    #######
 Freezing Cloud           Conj/Ice/Air   #.........   100%        6    #######
 Invisibility             Hex            #.......     100%        6    #######
 Iron Shot                Conj/Erth      #.........   100%        6    #######
 Ozocubu's Refrigeration  Ice            #.........   100%        6    #######
 Poison Arrow             Conj/Pois      #.........   100%        6    #######
 Simulacrum               Ice/Necr       #.........   100%        6    #######
 Statue Form              Tmut/Erth      #........    100%        6    #######
 Summon Hydra             Summ           #.........   100%        7    #######
 Chain Lightning          Conj/Air       #.........   100%        8    #######
 Discord                  Hex            #.........   100%        8    #######
 Disjunction              Tloc           #.........   100%        8    #######
 Lehudib's Crystal Spear  Conj/Erth      #.........   100%        8    #######
 Fire Storm               Conj/Fire      #.........   100%        9    #######
 Glaciate                 Conj/Ice       #.........   100%        9    #######
 Shatter                  Erth           #.........   100%        9    #######
 Tornado                  Air            #.........   100%        9    #######


Dungeon Overview and Level Annotations

Branches:
Dungeon (15/15)            Temple (0/1) D:7            Lair (6/6) D:10
  Swamp (4/4) Lair:2       Spider (4/4) Lair:3        Slime (0/5) Lair:5
    Orc (2/2) D:12            Elf (0/3) Orc:2        Vaults (4/5) D:13
  Crypt (0/3) Vaults:3     Depths (4/5) D:15

Altars:
Kikubaaqudgha
Makhleb
Nemelex Xobeh
Trog
Beogh
Jiyva
Lugonu

Shops:
Orc:1 *   Orc:2 *(*=   Vaults:1 ??[?

Portals:
Hell: Depths:1 Depths:2 Depths:3 Depths:4
Abyss: Depths:3 Depths:4
Pandemonium: Depths:2 Depths:3 Depths:4

Annotations:
D:2 Sigmund
D:5 3 runed doors, crawlian's ghost, amateur DEFE
Depths:4 3 runed doors, Duffy's ghost, adept MiGl


Innate Abilities, Weirdness & Mutations

You are clumsy. (Dex -2)


Message History

The shadow dragon claws you but does no damage. x2
Your crystal plate armour of the Lich-sworn prevents you from hitting the The shadow dragon is heavily wounded.
The shadow dragon breathes negative energy at you.
The bolt of negative energy hits you!
You feel drained.
You closely miss the shadow dragon.
The shadow dragon is heavily wounded.
The shadow dragon bites you but does no damage.
The shadow dragon claws you but does no damage.
The shadow dragon claws you!
You slice the shadow dragon!!
The shadow dragon is severely wounded.
The shadow dragon bites you but does no damage.
The shadow dragon closely misses you. The shadow dragon claws you!
You slash the shadow dragon!
The shadow dragon is severely wounded.
The frost giant gestures at you while chanting.
The bolt of cold hits the shadow dragon.
The shadow dragon resists.
The bolt of cold hits you!
The shadow dragon bites you but does no damage.
The shadow dragon claws you but does no damage. x2
You slice the shadow dragon!!
The shadow dragon is severely wounded.
The shadow dragon breathes negative energy at you.
The bolt of negative energy misses you.
You closely miss the shadow dragon.
The shadow dragon is severely wounded.
You closely miss the shadow dragon.
The shadow dragon is severely wounded.
The iron dragon changes into an iron giant!
The shadow dragon bites you.
The shadow dragon claws you but does no damage. x2
You slash the shadow dragon!
The shadow dragon is severely wounded.
The shadow dragon bites you but does no damage.
The shadow dragon claws you.
The shadow dragon claws you but does no damage.
You slash the shadow dragon!
The shadow dragon is almost dead.
The iron giant throws the rakshasa at you!
The shadow dragon breathes negative energy at you.
The bolt of negative energy hits you!
You feel drained.
The bolt of negative energy hits the rakshasa.
The rakshasa completely resists.
You slice the shadow dragon!!
The shadow dragon is almost dead.
You slash the rakshasa!
The rakshasa hits you but does no damage.
The shadow dragon bites you but does no damage.
The shadow dragon claws you.
The shadow dragon claws you but does no damage.
You slash the shadow dragon!
The shadow dragon is almost dead.
You slice the rakshasa!!
The rakshasa weaves an illusion.
The shadow dragon shimmers and seems to become two!
The shadow dragon bites you but does no damage.
The shadow dragon claws you but does no damage. x2
You closely miss the shadow dragon.
The shadow dragon is almost dead.
You hit the rakshasa.
The injured rakshasa weaves a defensive illusion!
The iron giant changes into a caustic shrike!
The rakshasa drinks a potion.
The rakshasa seems to grow stronger.
The shadow dragon bites you but does no damage.
The shadow dragon claws you but does no damage. x2
You slash the rakshasa!
The rakshasa is severely wounded.
You slash the shadow dragon!
The rakshasa drinks a potion.
The rakshasa seems to grow stronger.
The rakshasa blinks!
As you read the scroll of teleportation, it crumbles to dust.
You feel strangely unstable.
The shadow dragon breathes negative energy at you.
The bolt of negative energy hits you!
You feel drained.
The bolt of negative energy hits the rakshasa.
The rakshasa completely resists.
The rakshasa hits you from afar with a +0 trident!
* * * LOW HITPOINT WARNING * * *
The frost giant casts a spell at you.
The bolt of cold hits the shadow dragon.
The shadow dragon resists.
The bolt of cold hits you!
* * * LOW HITPOINT WARNING * * *
Unknown command.
Unknown command.
Okay, then.
Unknown command.
Unknown command.
Unknown command.
Unknown command.
Unknown command.
Unknown command.
You slash the shadow dragon!
The shadow dragon is almost dead.
The shadow dragon closely misses you. The shadow dragon claws you.
* * * LOW HITPOINT WARNING * * *
The shadow dragon claws you but does no damage.
The frost giant gestures at you while chanting.
The bolt of cold hits the shadow dragon.
The shadow dragon resists.
The bolt of cold hits you!
You die...

##...#################.
##.## #. #.# #. #.# #.
#.# #. #.# ( #. #.# ...
#. #)#####cD..[ #.
#RR)@DCbD..) #.
#†#####DR..( #. #.# ...
#. #.# . #. #.# #. #.#
#. #.# #^ ##.## #.
##..÷#################.


You could see 3 shadow dragons, a caustic shrike shaped shifter, a frost giant,
a fire dragon, a yaktaur captain and 3 rakshasas.

Vanquished Creatures
  Margery (Depths:4)
  Boris (Vaults:3)
  3 caustic shrikes
  3 golden dragons (Depths:2)
  A bone dragon (Swamp:4)
  6 liches
  8 tentacled starspawn
  Agnes (Spider:3)
  2 sphinxes
  2 tengu reavers
  A shadow dragon (Depths:4)
  3 thorn hunters
  4 storm dragons
  7 fire giants
  4 emperor scorpions
  A deep elf sorcerer (Vaults:3)
  4 frost giants
  4 ghost moths
  10 vault wardens
  A reaper (Depths:3)
  2 spriggan defenders (Depths:2)
  15 very ugly things
  6 stone giants
  6 entropy weavers
  12 ironheart preservers
  A vampire knight (Depths:2)
  2 lorocyprocas (Depths:3)
  7 purple draconians (WizLab)
  A minotaur (Gauntlet)
  A dire elephant (Lair:6)
  A deep elf annihilator (Vaults:3)
  A minotaur (shapeshifter) (D:15)
  5 statues (WizLab)
  11 spark wasps
  A deep elf death mage (Depths:4)
  6 ettins
  9 fire dragons
  A death ooze (Gauntlet)
  A merfolk impaler (Depths:1)
  5 great orbs of eyes
  10 yaktaur captains
  11 hydras
  6 rakshasas
  12 ogre magi
  A monstrous demonspawn (Depths:3)
  2 shambling mangroves
  5 vault guards (Vaults:3)
  8 spriggan air magi
  4 ice dragons
  A juggernaut simulacrum (Depths:3)
  8 centaur warriors
  4 ghost crabs
  2 catoblepae (Lair:6)
  45 two-headed ogres
  2 death knights
  9 death yaks
  15 alligators
  8 tengu warriors
  2 death scarabs (Spider:4)
  11 deep troll earth magi
  12 deep troll shamans
  6 thrashing horrors
  Sonja (Lair:2)
  3 spriggan berserkers (Depths:2)
  7 deep elf knights
  12 hell knights
  A soul eater (Depths:3)
  8 large abominations
  A spatial maelstrom (Abyss:3)
  9 spriggans
  2 iron trolls
  A shadow wraith (Vaults:1)
  A sixfirhy (Abyss:2)
  5 glowing orange brains
  17 skeletal warriors
  2 death drakes
  2 salamander mystics
  3 wretched stars (Abyss:3)
  An unseen horror (shapeshifter) (Vaults:4)
  A quicksilver dragon simulacrum (Abyss:3)
  8 spectral hydras
  2 flayed ghosts
  2 unseen horrors
  3 spriggan druids (Swamp:3)
  30 deep trolls
  4 swamp dragons
  An orange crystal statue (Gauntlet)
  9 orc knights
  11 ironbrand convokers
  4 deep elf archers
  A lindwurm (Lair:6)
  5 phantasmal warriors
  3 wizards
  9 harpies
  6 necromancers
  A golden dragon skeleton (Vaults:4)
  2 harpies (shapeshifter)
  19 orb spiders
  39 wolf spiders
  2 shadow dragon skeletons
  2 orc sorcerers
  20 deep elf magi
  An orb spider (shapeshifter) (Depths:4)
  5 manticores
  48 ugly things
  8 salamanders
  5 cyclopes
  A manticore (shapeshifter) (Depths:2)
  5 moths of wrath
  A worldbinder (Abyss:3)
  A tengu skeleton (Vaults:3)
  8 vault sentinels
  3 frost giant skeletons
  5 elephants
  A centaur zombie (D:14)
  A fire giant skeleton (Depths:3)
  A guardian serpent (Abyss:3)
  2 black mambas (Lair:6)
  An elf skeleton (Depths:3)
  2 gargoyles
  4 ice statues
  4 orange demons (Depths:3)
  2 spectral redbacks (Spider:4)
  A rime drake (shapeshifter) (D:14)
  6 rime drakes
  3 centaur skeletons
  18 spiny frogs
  A torpor snail (Spider:1)
  8 swamp worm zombies
  2 ice devils (Depths:3)
  A kobold demonologist (D:13)
  3 efreet
  58 yaktaurs
  A golden dragon simulacrum (Depths:2)
  8 komodo dragons
  6 freezing wraiths
  A komodo dragon (shapeshifter) (Depths:2)
  14 demonic crawlers
  2 yaktaur skeletons
  A troll (shapeshifter) (Depths:4)
  A jumping spider (shapeshifter) (D:14)
  4 tengu conjurers
  2 red devils
  45 jumping spiders
  6 hydra zombies (Swamp:4)
  A wind drake (shapeshifter) (Depths:1)
  A meliai (D:14)
  10 tyrant leeches
  A spectral tarantella (Spider:4)
  5 trolls
  3 spectral swamp dragons
  A snapping turtle (shapeshifter) (Vaults:1)
  14 bog bodies
  21 hornets
  9 raiju
  7 dream sheep (Lair:6)
  4 polar bears
  4 spectral jumping spiders (Spider:4)
  6 alligator zombies
  22 blink frogs
  3 tarantella zombies (Spider:4)
  39 slime creatures
  9 hippogriffs
  2 stone giant simulacra
  6 flying skulls (Abyss:3)
  90 redbacks
  3 shadows
  6 wraiths
  30 tarantellas
  25 yaks
  A vampire (D:12)
  3 ynoxinuls
  5 tyrant leech zombies (Swamp:3)
  4 basilisks
  7 water elementals
  A hungry ghost (D:13)
  3 small abominations (Abyss:2)
  A neqoxec (Depths:3)
  9 vampire mosquitoes
  Grum (Lair:1)
  2 steam dragons
  A golden eye (shapeshifter) (Vaults:4)
  A chaos spawn (Abyss:3)
  6 wargs
  13 swamp worms
  9 insubstantial wisps
  A soldier ant (D:14)
  A hydra simulacrum (Abyss:3)
  4 acid dragons
  A floating eye (Depths:4)
  5 water moccasins
  A spectral hornet (Spider:4)
  4 porcupines
  7 swamp drakes
  9 phantoms
  8 spiny frog zombies (Swamp:3)
  A black bear (Lair:3)
  17 ice beasts
  An eye of draining (D:13)
  A swamp dragon zombie (Swamp:4)
  An ettin simulacrum (Vaults:2)
  19 wolves
  23 orc warriors
  11 boggarts
  50 ogres
  19 centaurs
  8 crocodiles
  A bullfrog (shapeshifter) (Depths:1)
  15 bullfrogs
  A wyvern zombie (D:12)
  5 human skeletons (Vaults:3)
  A hornet simulacrum (D:14)
  7 scorpions
  3 spriggan zombies (Swamp:3)
  2 troll zombies (Swamp:3)
  26 killer bees
  15 wights
  5 howler monkeys
  An electric eel (Lair:2)
  A bullfrog zombie (D:10)
  5 crimson imps
  2 quasits
  7 starcursed masses (Abyss:3)
  12 hounds
  A gnoll shaman (Orc:1)
  2 jellies
  16 orc priests
  3 bullfrog skeletons
  2 iron imps
  7 iguanas
  18 orc wizards
  A spectral swamp drake (Swamp:4)
  14 worker ants
  A worker ant (shapeshifter) (D:13)
  5 hell rats (Lair:2)
  A hound zombie (D:5)
  4 human simulacra
  A worker ant zombie (D:9)
  2 swamp drake zombies (Swamp:4)
  12 adders
  6 gnolls
  4 shadow imps
  9 white imps
  2 oozes
  2 adder skeletons
  4 worms
  3 dart slugs
  2 leopard geckos
  76 orcs
  9 giant cockroaches
  5 hobgoblins
  11 jackals
  4 quokkas
  3 ball pythons
  6 bats
  5 frilled lizards
  3 goblins
  A jackal zombie (D:5)
  6 kobolds
  2 quokka skeletons
  2 quokka zombies (D:7)
  8 rats
  4 fungi
  6 plants
  11 starspawn tentacles
  A withered plant (Swamp:3)
1881 creatures vanquished.

Vanquished Creatures (collateral kills)
  2 caustic shrikes (Depths:2)
  A Hell Sentinel (Abyss:3)
  A balrug (Abyss:3)
  A ghost moth (Spider:4)
  Louise (Swamp:1)
  A deep elf elementalist (Abyss:3)
  A deep elf sorcerer (Depths:2)
  An emperor scorpion (Spider:4)
  The ghost of Inabeac the Severer, a journeyman MiBe of Trog (Swamp:3)
  A stone giant (Depths:2)
  A deep elf demonologist (Abyss:3)
  A lorocyproca (Abyss:3)
  A spark wasp (Spider:4)
  A purple draconian (WizLab)
  A statue (WizLab)
  A great orb of eyes (Abyss:3)
  Fannar (D:11)
  An ice dragon (Depths:2)
  3 hydras
  A death knight (Vaults:3)
  An alligator (Swamp:1)
  6 death scarabs (Spider:4)
  A spriggan berserker (Depths:2)
  A thrashing horror (Abyss:3)
  A hell knight (Volcano)
  A wretched star (Abyss:3)
  2 sun demons (Abyss:3)
  A flayed ghost (Abyss:3)
  A spectral wolf spider (Spider:4)
  A swamp dragon (Swamp:1)
  2 wolf spider zombies (Spider:4)
  A deep elf mage (WizLab)
  2 worldbinders (Abyss:3)
  An iron dragon skeleton (Abyss:3)
  2 smoke demons (Abyss:3)
  2 redback zombies (Spider:4)
  A red devil (Abyss:3)
  A jumping spider (Spider:4)
  A queen bee (D:10)
  A tyrant leech (Swamp:1)
  A spectral tarantella (Spider:4)
  A tarantella zombie (Spider:4)
  A blink frog (Abyss:3)
  A raiju (Abyss:3)
  A spectral jumping spider (Spider:4)
  2 jumping spider zombies (Spider:4)
  A shadow (Swamp:1)
  A tarantella (Spider:4)
  2 ynoxinuls (Abyss:3)
  2 wraiths (Vaults:3)
  A swamp worm (Swamp:1)
  A warg (shapeshifter) (Vaults:3)
  An insubstantial wisp (Swamp:4)
  A spatial vortex (Abyss:3)
  A large abomination (Abyss:3)
  A phantom (Swamp:4)
  A small abomination (Abyss:3)
  A crocodile (D:10)
  A killer bee (D:10)
  2 quasits
  A centaur skeleton (Abyss:3)
  2 starspawn tentacles (Abyss:3)
80 creatures vanquished.

Vanquished Creatures (others)
  A shadow wraith (Vaults:1)
  A smoke demon (Abyss:3)
  An orange demon (Abyss:3)
  A jumping spider (Spider:4)
  2 boggarts (Depths:1)
  A small abomination (Abyss:3)
  3 demonic plants (Gauntlet)
  18 plants
  12 starspawn tentacles
40 creatures vanquished.

Grand Total: 2001 creatures vanquished

Notes
Turn   | Place    | Note
-------+----------+-------------------------------------------
     0 | D:1      | Mgcat the Hill Orc Gladiator began the quest for the Orb.
     0 | D:1      | Reached XP level 1. HP: 18/18 MP: 1/1
   170 | D:1      | Reached XP level 2. HP: 24/25 MP: 2/2
   360 | D:1      | Reached skill level 1 in Armour
   897 | D:2      | Reached XP level 3. HP: 23/30 MP: 3/3
  1007 | D:2      | Reached skill level 3 in Fighting
  1218 | D:2      | Noticed Sigmund
  1365 | D:2      | Found a burning altar of Makhleb.
  1375 | D:2      | Reached XP level 4. HP: 30/38 MP: 4/4
  1454 | D:2      | Became a worshipper of Makhleb the Destroyer
  1608 | D:3      | Reached skill level 3 in Dodging
  1700 | D:3      | Noticed a moth of wrath
  1703 | D:3      | Found a bloodstained altar of Trog.
  2036 | D:4      | Reached skill level 2 in Armour
  2200 | D:4      | Reached skill level 5 in Axes
  2200 | D:4      | Reached XP level 5. HP: 38/46 MP: 5/5
  2271 | D:4      | Reached skill level 4 in Fighting
  2426 | D:4      | Reached * piety under Makhleb
  2430 | D:4      | Reached XP level 6. HP: 41/52 MP: 6/6
  3044 | D:5      | Entered Level 5 of the Dungeon
  3062 | D:5      | Reached skill level 3 in Armour
  3542 | D:5      | Reached skill level 6 in Axes
  3584 | D:5      | Got a jewelled helmet
  3595 | D:5      | Identified the +2 helmet of Guisa {+Inv MP-9 Slay+6 Stlth+}
                  | (You found it on level 5 of the Dungeon)
  3635 | D:5      | Reached XP level 7. HP: 52/60 MP: 0/7
  3674 | D:5      | Reached skill level 5 in Fighting
  3681 | D:5      | Reached skill level 4 in Armour
  3681 | D:5      | Reached skill level 4 in Dodging
  3691 | D:5      | Reached skill level 7 in Axes
  3704 | D:5      | Reached XP level 8. HP: 64/68 MP: 0/8
  3706 | D:5      | Reached skill level 5 in Armour
  3708 | D:5      | Reached ** piety under Makhleb
  3812 | D:5      | Found a runed gate.
  3812 | D:5      | Found a runed gate.
  3812 | D:5      | Found a runed gate.
  3816 | D:5      | Noticed crawlian's ghost (amateur DEFE)
  4023 | D:5      | Found a sparkling altar of Nemelex Xobeh.
  4331 | D:6      | Reached skill level 8 in Axes
  4331 | D:6      | Reached skill level 5 in Dodging
  4484 | D:6      | Noticed a hippogriff
  4489 | D:6      | Killed a hippogriff
  4489 | D:6      | Reached skill level 9 in Axes
  4542 | D:6      | Reached skill level 10 in Axes
  5007 | D:7      | Reached XP level 9. HP: 74/74 MP: 0/9
  5020 | D:7      | Reached skill level 11 in Axes
  5149 | D:7      | Reached skill level 12 in Axes
  5310 | D:7      | Found a staircase to the Ecumenical Temple.
  5608 | D:7      | Reached *** piety under Makhleb
  6496 | D:9      | Reached skill level 13 in Axes
  6591 | D:9      | Got a twisted scale mail
  6602 | D:9      | Identified the cursed +0 scale mail "Zodoag Moa" {rPois
                  | rCorr MP-9} (You found it on level 9 of the Dungeon)
  7091 | D:10     | Entered Level 10 of the Dungeon
  7100 | D:10     | Noticed a troll
  7109 | D:10     | Killed a troll
  7109 | D:10     | Reached skill level 14 in Axes
  7109 | D:10     | Reached skill level 1 in Invocations
  7119 | D:10     | Found a staircase to the Lair.
  7160 | D:10     | Reached XP level 10. HP: 81/81 MP: 2/11
  7221 | D:10     | Reached skill level 2 in Invocations
  7281 | D:10     | Noticed a two-headed ogre
  7294 | D:10     | Killed a two-headed ogre
  7294 | D:10     | Reached skill level 3 in Invocations
  7335 | D:10     | Noticed a two-headed ogre
  7346 | D:10     | Killed a two-headed ogre
  7346 | D:10     | Reached skill level 6 in Fighting
  7408 | D:10     | Reached skill level 6 in Armour
  7558 | D:10     | Reached skill level 4 in Invocations
  7673 | D:10     | Reached skill level 5 in Invocations
  7978 | D:11     | Noticed Fannar
  7997 | D:11     | Killed Fannar
  7997 | D:11     | Reached skill level 7 in Fighting
  7997 | D:11     | Reached skill level 6 in Dodging
  7997 | D:11     | Reached XP level 11. HP: 44/92 MP: 4/15
  8151 | D:11     | Found an ancient bone altar of Kikubaaqudgha.
  8165 | D:11     | Reached skill level 7 in Armour
  8211 | D:11     | Noticed a cyclops
  8223 | D:11     | Killed a cyclops
  8223 | D:11     | Reached skill level 6 in Invocations
  8340 | D:11     | Reached **** piety under Makhleb
  8373 | D:11     | Reached skill level 15 in Axes
  8611 | D:11     | Noticed a two-headed ogre
  8620 | D:11     | Killed a two-headed ogre
  8839 | Lair:1   | Entered Level 1 of the Lair of Beasts
  8994 | Lair:1   | Reached skill level 8 in Fighting
  8994 | Lair:1   | Reached skill level 7 in Invocations
  9118 | Lair:1   | Noticed Grum
  9136 | Lair:1   | Killed Grum
  9193 | Lair:1   | Reached skill level 8 in Armour
  9591 | Lair:2   | Noticed a four-headed hydra
  9599 | Lair:2   | Killed a seven-headed hydra
  9599 | Lair:2   | Reached skill level 7 in Dodging
  9753 | Lair:2   | Noticed Sonja
  9764 | Lair:2   | Killed Sonja
  9764 | Lair:2   | Reached XP level 12. HP: 95/103 MP: 8/17
  9956 | Lair:2   | Reached skill level 8 in Invocations
 10303 | Lair:2   | Found a staircase to the Swamp.
 10522 | Lair:3   | Found a dark tunnel.
 10545 | Volcano  | Entered a volcano
 10579 | Volcano  | Reached skill level 9 in Fighting
 10760 | Volcano  | Noticed a hell knight
 10778 | Volcano  | Killed a hell knight
 11119 | Lair:3   | Reached skill level 9 in Armour
 11169 | Lair:3   | Found a hole to the Spider Nest.
 11172 | Lair:3   | Reached skill level 16 in Axes
 11290 | Lair:3   | Reached skill level 9 in Invocations
 11609 | Lair:4   | Noticed a four-headed hydra
 11618 | Lair:4   | Killed a one-headed hydra
 11765 | Lair:4   | Reached skill level 10 in Fighting
 11781 | Lair:4   | Noticed a five-headed hydra
 11788 | Lair:4   | Killed a three-headed hydra
 11788 | Lair:4   | Reached skill level 8 in Dodging
 11846 | Lair:4   | Reached ***** piety under Makhleb
 11874 | Lair:4   | Reached XP level 13. HP: 113/113 MP: 11/20
 11875 | Lair:4   | Reached skill level 10 in Invocations
 11888 | Lair:4   | Reached skill level 10 in Armour
 12160 | Lair:4   | Identified a scroll of acquirement
 12162 | Lair:4   | Got a transparent demon blade
 12559 | Lair:5   | Reached skill level 17 in Axes
 12912 | Lair:5   | Reached skill level 9 in Dodging
 13007 | Lair:5   | Noticed an ice dragon
 13016 | Lair:5   | Killed an ice dragon
 13109 | Lair:5   | Found a viscous altar of Jiyva.
 13109 | Lair:5   | Found a staircase to the Slime Pits.
 13246 | Lair:6   | Entered Level 6 of the Lair of Beasts
 13426 | Lair:6   | Reached skill level 18 in Axes
 13449 | Lair:6   | Reached skill level 10 in Dodging
 13500 | Lair:6   | Reached XP level 14. HP: 121/121 MP: 12/21
 13506 | Lair:6   | Reached skill level 19 in Axes
 13545 | Lair:6   | Noticed a dire elephant
 13563 | Lair:6   | Killed a dire elephant
 13581 | Lair:6   | Identified the Tome of the Mutagenic Compass
 13745 | Lair:6   | Reached ****** piety under Makhleb
 13895 | Lair:6   | Reached skill level 20 in Axes
 14778 | D:12     | Found a staircase to the Orcish Mines.
 14894 | Orc:1    | Entered Level 1 of the Orcish Mines
 14913 | Orc:1    | Found Ogee's Assorted Antiques.
 14977 | Orc:1    | Reached skill level 11 in Invocations
 15082 | Orc:2    | Entered Level 2 of the Orcish Mines
 15082 | Orc:2    | Found a staircase to the Elven Halls.
 15235 | Orc:2    | Found a roughly hewn altar of Beogh.
 15256 | Orc:2    | Found a frozen archway.
 15268 | Orc:2    | Reached XP level 15. HP: 106/128 MP: 10/23
 15278 | IceCv    | Entered an ice cave
 15334 | IceCv    | Reached skill level 11 in Fighting
 15382 | IceCv    | Got bronze ice dragon scales
 15393 | IceCv    | Identified the +1 ice dragon scales "Xamisch" {rPois rF-
                  | rC++} (You found it in an ice cave)
 15502 | Orc:2    | Found Penopuy's Antique Weapon Boutique.
 15502 | Orc:2    | Found Botukyops's Assorted Antiques.
 15506 | Orc:2    | Reached skill level 11 in Armour
 15520 | Orc:2    | Found Kereub's Jewellery Emporium.
 15520 | Orc:2    | Found Itail's General Store.
 15557 | Orc:2    | Reached skill level 12 in Invocations
 15613 | Orc:2    | Bought a scroll of enchant weapon for 105 gold pieces
 15616 | Orc:2    | Bought a +6 amulet of reflection for 702 gold pieces
 15617 | Orc:2    | Bought a scroll of acquirement for 728 gold pieces
 15626 | Orc:2    | Got a translucent jade amulet
 15627 | Orc:2    | Identified the amulet "Wymn" {Faith rF+} (You acquired it
                  | on level 2 of the Orcish Mines)
 16516 | D:13     | Reached skill level 11 in Dodging
 16940 | D:13     | Found a corrupted altar of Lugonu.
 17019 | D:13     | Found a gate to the Vaults.
 17293 | D:14     | Reached skill level 12 in Fighting
 17298 | D:14     | Reached skill level 21 in Axes
 17500 | D:14     | Noticed a storm dragon
 17513 | D:14     | Killed a storm dragon
 17553 | D:14     | Reached skill level 12 in Armour
 17564 | D:14     | Reached XP level 16. HP: 139/139 MP: 16/25
 18295 | D:15     | Entered Level 15 of the Dungeon
 18328 | D:15     | Reached skill level 13 in Invocations
 18529 | D:15     | Found a gate leading to a gauntlet.
 18538 | Gauntlet | Entered a Gauntlet
 18538 | Gauntlet | Found a transporter.
 18538 | Gauntlet | Found a transporter.
 18572 | Gauntlet | Found a transporter.
 18576 | Gauntlet | Found a transporter.
 18587 | Gauntlet | Found a transporter.
 18590 | Gauntlet | Found a transporter.
 18601 | Gauntlet | Found a transporter.
 18621 | Gauntlet | Found a transporter.
 18639 | Gauntlet | Found a transporter.
 18642 | Gauntlet | Found a transporter.
 18652 | Gauntlet | Found a transporter.
 18656 | Gauntlet | Found a transporter.
 18910 | Gauntlet | Got a warped glass ring
 18914 | Gauntlet | Identified the ring "Nyiddy" {EV+4 Stlth+} (You found it in
                  | a Gauntlet)
 18928 | Gauntlet | Got a faintly glowing hat
 18947 | Gauntlet | Identified the +0 hat "Figuf" {Regen+ rCorr Str+3} (You
                  | found it in a Gauntlet)
 18969 | Gauntlet | Got a fine wooden ring
 18970 | Gauntlet | Identified the ring "Lagral" {+Fly rN+} (You found it in a
                  | Gauntlet)
 19663 | D:15     | Found a staircase to the Depths.
 20134 | Spider:1 | Entered Level 1 of the Spider Nest
 20488 | Spider:1 | Reached skill level 1 in Evocations
 20609 | Spider:1 | Reached skill level 13 in Fighting
 20936 | Spider:1 | Reached skill level 2 in Evocations
 21443 | Spider:2 | Reached skill level 3 in Evocations
 21463 | Spider:2 | Reached XP level 17. HP: 106/150 MP: 14/27
 21498 | Spider:2 | Reached skill level 13 in Armour
 21512 | Spider:2 | Reached skill level 14 in Invocations
 21555 | Spider:2 | Reached skill level 12 in Dodging
 21937 | Spider:3 | Reached skill level 4 in Evocations
 22642 | Swamp:1  | Entered Level 1 of the Swamp
 22692 | Swamp:1  | Noticed Louise
 22696 | Swamp:1  | Cast into level 3 of the Abyss (Louise)
 22785 | Swamp:1  | Escaped the Abyss
 22794 | Swamp:1  | Killed Louise
 22810 | Swamp:1  | Reached skill level 22 in Axes
 23020 | Swamp:1  | Reached skill level 5 in Evocations
 23499 | Swamp:2  | Reached skill level 14 in Fighting
 24767 | Swamp:3  | Reached skill level 15 in Invocations
 24768 | Swamp:3  | Reached XP level 18. HP: 123/160 MP: 9/29
 24810 | Swamp:3  | HP: 39/157 [poison (dark miasma)]
 24815 | Swamp:3  | HP: 37/157 [poison (dark miasma)]
 24823 | Swamp:3  | HP: 35/157 [poison (dark miasma)]
 25381 | Swamp:3  | Reached skill level 6 in Evocations
 25987 | Swamp:3  | Reached skill level 14 in Armour
 26012 | Swamp:3  | Found a runed gate.
 26050 | Swamp:3  | Found a runed gate.
 26050 | Swamp:3  | Found a runed gate.
 26050 | Swamp:3  | Noticed Inabeac's ghost (journeyman MiBe)
 26302 | Swamp:3  | HP: 38/158 [18-headed hydra (4)]
 26311 | Swamp:3  | HP: 38/158 [Inabeac's ghost (16)]
 26315 | Swamp:3  | Killed Inabeac's ghost
 26326 | Swamp:3  | Got a wavering glass ring
 26327 | Swamp:3  | Identified the ring "Fiyxeutsih" {Fire *Contam rElec rPois
                  | SInv} (You found it on level 3 of the Swamp)
 26580 | Swamp:4  | Entered Level 4 of the Swamp
 26759 | Swamp:4  | Reached skill level 7 in Evocations
 27367 | Swamp:4  | Reached skill level 15 in Fighting
 27401 | Swamp:4  | Noticed a bone dragon
 27440 | Swamp:4  | Killed a bone dragon
 27518 | Swamp:4  | Got a decaying rune of Zot
 27543 | Swamp:4  | HP: 40/161 [poison (dark miasma)]
 27551 | Swamp:4  | HP: 37/161 [poison (dark miasma)]
 27559 | Swamp:4  | HP: 35/161 [poison (dark miasma)]
 28231 | Spider:4 | Entered Level 4 of the Spider Nest
 28269 | Spider:3 | HP: 40/161 [poisoned by a redback]
 28274 | Spider:3 | HP: 31/161 [poisoned by a redback]
 28279 | Spider:3 | HP: 25/161 [poisoned by a redback]
 28284 | Spider:3 | HP: 21/161 [poisoned by a redback]
 28289 | Spider:3 | HP: 19/161 [poisoned by a redback]
 28294 | Spider:3 | HP: 17/161 [poisoned by a redback]
 28299 | Spider:3 | HP: 17/161 [poisoned by a redback]
 28306 | Spider:3 | HP: 18/161 [poisoned by a redback]
 28314 | Spider:3 | HP: 19/161 [poisoned by a redback]
 28677 | Spider:4 | Noticed Agnes
 28867 | Spider:3 | Killed Agnes
 28882 | Spider:4 | Reached skill level 13 in Dodging
 29077 | Spider:4 | Reached XP level 19. HP: 168/168 MP: 21/30
 29096 | Spider:4 | Reached skill level 8 in Evocations
 30092 | Spider:4 | Paralysed by a hornet for 1 turns
 30180 | Spider:4 | Reached skill level 1 in Spellcasting
 30240 | Spider:4 | Reached skill level 2 in Spellcasting
 30250 | Spider:4 | Reached skill level 9 in Evocations
 30477 | Spider:4 | Reached skill level 16 in Fighting
 30503 | Spider:4 | Got a gossamer rune of Zot
 30869 | Vaults:1 | Entered Level 1 of the Vaults
 30981 | Vaults:1 | Reached skill level 3 in Spellcasting
 31080 | Vaults:1 | Found a magical portal.
 31182 | Vaults:1 | Found Kextekogg's Magic Scroll Boutique.
 31193 | Vaults:1 | Bought a scroll of summoning for 180 gold pieces
 31193 | Vaults:1 | Bought a scroll of blinking for 142 gold pieces
 31193 | Vaults:1 | Bought a scroll of holy word for 142 gold pieces
 31193 | Vaults:1 | Bought 3 scrolls of magic mapping for 199 gold pieces
 31250 | WizLab   | Entered Iskenderun's Mystic Tower
 31491 | WizLab   | HP: 41/173 [purple draconian/+1 glaive of distortion (5)]
 31493 | WizLab   | HP: 1/173 [purple draconian/bolt of dispelling energy (22)]
 31501 | WizLab   | Cast into level 3 of the Abyss (purple draconian)
 31694 | Abyss:3  | Reached skill level 10 in Evocations
 31751 | Abyss:3  | Reached skill level 4 in Spellcasting
 31787 | Abyss:3  | Reached XP level 20. HP: 131/182 MP: 12/31
 31958 | Abyss:3  | Paralysed by accursed screaming for 1 turns
 32143 | Abyss:3  | Reached skill level 16 in Invocations
 32234 | Abyss:3  | Found a corrupted altar of Lugonu.
 32240 | WizLab   | Escaped the Abyss
 32384 | WizLab   | Identified Iskenderun's Grimoire of Confrontation
 32384 | WizLab   | Identified Iskenderun's Almanac of Battle Magic
 32776 | WizLab   | Reached skill level 5 in Spellcasting
 32778 | WizLab   | Reached skill level 17 in Fighting
 32787 | WizLab   | HP: 41/184 [purple draconian/+0 war axe (11)]
 32801 | WizLab   | HP: 9/184 [purple draconian/bolt of dispelling energy (26)]
 33875 | Vaults:1 | Reached skill level 11 in Evocations
 34140 | Vaults:1 | Found Heppop's Magic Scroll Shoppe.
 34150 | Vaults:1 | Bought a scroll of acquirement for 624 gold pieces
 34151 | Vaults:1 | Got an ichor-stained crystal plate armour
 34162 | Vaults:1 | Identified the +10 crystal plate armour of the Lich-sworn
                  | {rF+ Str+2 Int+2} (You acquired it on level 1 of the
                  | Vaults)
 34487 | Vaults:1 | Found Buicir's Magic Scroll Emporium.
 34503 | Vaults:1 | Bought a scroll of blinking for 112 gold pieces
 34649 | Vaults:1 | Found Ofoca's Armour Shop.
 35141 | Vaults:2 | Got a dazzling chain mail
 35142 | Vaults:2 | Identified the +1 chain mail "Liripaxa" {Str+3 Int+2} (You
                  | found it on level 2 of the Vaults)
 35236 | Vaults:2 | Reached skill level 6 in Spellcasting
 35393 | Vaults:2 | Reached skill level 17 in Invocations
 35460 | Vaults:2 | Reached XP level 21. HP: 193/193 MP: 22/33
 36186 | Vaults:3 | Reached skill level 12 in Evocations
 36205 | Vaults:3 | Reached skill level 18 in Fighting
 36294 | Vaults:3 | Found a staircase to the Crypt.
 36348 | Vaults:3 | Reached skill level 7 in Spellcasting
 36812 | Vaults:3 | Noticed Boris
 36824 | Vaults:3 | Killed Boris
 36824 | Vaults:3 | Reached skill level 18 in Invocations
 37568 | Vaults:4 | Got a pair of jewelled gloves
 37579 | Vaults:4 | Identified the +4 pair of gloves "Pang" {Dex+2 SInv Stlth+}
                  | (You found it on level 4 of the Vaults)
 37618 | Vaults:4 | Reached skill level 8 in Spellcasting
 37621 | Vaults:4 | Reached skill level 13 in Evocations
 37798 | Vaults:4 | Reached XP level 22. HP: 204/204 MP: 26/35
 37860 | Vaults:4 | Reached skill level 19 in Fighting
 38007 | Vaults:4 | Got a heavily runed chain mail
 38008 | Vaults:4 | Identified the +4 chain mail "Gostrem" {rCorr Str+4} (You
                  | found it on level 4 of the Vaults)
 38823 | Depths:1 | Entered Level 1 of the Depths
 38823 | Depths:1 | Found a gateway to Hell.
 38856 | Depths:1 | HP: 37/206 [battlesphere[a tengu reaver] (15)]
 38861 | Depths:1 | HP: 28/206 [poisoned by a tengu reaver (bolt of poison)]
 38866 | Depths:1 | HP: 23/206 [poisoned by a tengu reaver (bolt of poison)]
 38871 | D:15     | HP: 21/206 [poisoned by a tengu reaver (bolt of poison)]
 38877 | D:15     | HP: 19/206 [poisoned by a tengu reaver (bolt of poison)]
 38882 | D:15     | HP: 20/206 [poisoned by a tengu reaver (bolt of poison)]
 38889 | D:15     | HP: 21/206 [poisoned by a tengu reaver (bolt of poison)]
 38897 | D:15     | HP: 22/206 [poisoned by a tengu reaver (bolt of poison)]
 39465 | Depths:1 | Reached skill level 9 in Spellcasting
 39614 | Depths:1 | Reached skill level 14 in Evocations
 40090 | Depths:1 | You are sucked into a shaft!
 40359 | Depths:2 | Found a one-way gate leading to the halls of Pandemonium.
 40441 | Depths:2 | Reached skill level 20 in Fighting
 40590 | Depths:2 | Reached XP level 23. HP: 215/215 MP: 24/36
 40620 | Depths:2 | Reached skill level 10 in Spellcasting
 40695 | Depths:2 | Noticed a caustic shrike
 40695 | Depths:2 | Noticed a caustic shrike
 40695 | Depths:2 | Noticed a caustic shrike
 40695 | Depths:2 | Noticed a caustic shrike
 40702 | Depths:2 | Killed a caustic shrike
 40704 | Depths:2 | Killed a caustic shrike
 40707 | Depths:2 | Killed a caustic shrike
 40707 | Depths:2 | Reached skill level 15 in Evocations
 40707 | Depths:2 | Killed a caustic shrike
 41047 | Depths:2 | Noticed a golden dragon
 41200 | Depths:2 | Noticed a golden dragon
 41212 | Depths:2 | Killed a golden dragon
 41213 | Depths:2 | Killed a golden dragon
 41213 | Depths:2 | Reached skill level 21 in Fighting
 41261 | Depths:2 | Reached skill level 11 in Spellcasting
 41404 | Depths:2 | Noticed a golden dragon
 41410 | Depths:2 | Killed a golden dragon
 41812 | Depths:3 | Found a one-way gate to the infinite horrors of the Abyss.
 41839 | Depths:3 | Gained mutation: You are clumsy. (Dex -2) [a neqoxec]
 41840 | Depths:3 | Cast into level 2 of the Abyss (hell knight)
 42073 | Abyss:2  | Found a corrupted altar of Lugonu.
 42133 | Depths:3 | Escaped the Abyss
 42495 | Depths:3 | Reached XP level 24. HP: 93/231 MP: 13/38
 42853 | Depths:3 | Reached skill level 12 in Spellcasting
 42860 | Depths:3 | Reached skill level 22 in Fighting
 43002 | Depths:3 | Got a brightly glowing leather armour
 43426 | Depths:4 | Noticed Duffy's ghost (adept MiGl)
 43431 | Depths:4 | Found the +7 lajatang of Order {silver, rMut}
 43435 | Depths:4 | Noticed Margery
 43460 | Depths:4 | Killed Margery
 43541 | Depths:4 | Paralysed by a floating eye for 2 turns
 43650 | Depths:4 | Found a runed gate.
 43650 | Depths:4 | Found a runed gate.
 43650 | Depths:4 | Found a runed gate.
 43812 | Depths:4 | Found a runed door.
 44160 | Depths:4 | Found a runed door.
 44164 | Depths:4 | Noticed a caustic shrike
 44182 | Depths:4 | Killed a caustic shrike
 44257 | Depths:4 | Noticed a caustic shrike
 44257 | Depths:4 | a golden dragon changed into a caustic shrike
 44258 | Depths:4 | a caustic shrike changed into an acid blob
 44293 | Depths:4 | Noticed a caustic shrike
 44293 | Depths:4 | an iron giant changed into a caustic shrike
 44295 | Depths:4 | HP: 18/233 [frost giant/bolt of cold (42)]
 44296 | Depths:4 | Killed from afar by a frost giant

Vault maps used:
D:1:      minmay_arrival_three_doors, minmay_ruptured
D:2:      makhleb_heckhound_becter, uniq_crazy_yiuf_cottage, uniq_sigmund
D:3:      tgw_trog, chequers_serial_rivers_micro_d
D:4:      first_ration
D:5:      cheibrodos_fzero, gammafunk_ghost_nasty_kobolds,
          nemelex_dance_club_becter
D:6:      kennysheep_decorative_pillar
D:7:      minmay_temple_entry_trees
D:9:      serial_glass, glass_columns_c, glass_columns_b, kennysheep_doodads,
          grunt_ogre_cave
D:10:     dpeg_oklobed_lair, special_room
D:11:     basic_altar, bh_circular_ruins, uniq_fannar
D:12:     david_orc_2
D:13:     david_vaults_4, minmay_misc_feat_ornament,
          chequers_serial_rivers_room_a, tgw_lugonu_bribe
D:14:     minmay_textured_paths, hangedman_decor_peaks_small, stair_cage_line
D:15:     hangedman_depths_entry_try_elsewhere_first, hangedman_decor_growths,
          gauntlet_entry_generic
Lair:1:   uniq_grum
Lair:2:   swamp_mist_pool, patterned_corridor, uniq_sonja
Lair:3:   beast_lair_carwin_large_3, nicolae_spider_entry_non_spiders,
          nicolae_volcano_entry_lava_flow
Lair:4:   ice2_lemuel
Lair:5:   dpeg_slime_entry_enclosed_altar, bobbens_ice_dragon_lair
Lair:6:   hangedman_lair_in_review, guppyfry_lair_end_dragon, st_stairs_11
Swamp:1:  evilmike_swamp_ruin_house_3, uniq_louise
Swamp:2:  infiniplex_staircase_pool
Swamp:3:  cheibrodos_swamp_mausoleum, gammafunk_ghost_hydra_chop,
          serial_swamp_ruin, evilmike_swamp_ruin_house_4,
          evilmike_swamp_ruin_rubble_1, evilmike_swamp_ruin_wall, swamp_pool1
Swamp:4:  swamp_pestilence
Spider:4: floodkiller_spider_rune_tomb, spider_trap, uniq_agnes
Orc:1:    serial_shops, shop_fountains
Orc:2:    st_orc_ogre_mass, portal_ice_cave_rime, basic_altar,
          lightli_orcish_oven
Vaults:1: nicolae_vaults_windows_and_doors_thing, v_misc_17, v_misc_16,
          grunt_vaults_focal, vaults_dpeg_diagonal,
          vaults_room_hangedman_quadrants, serial_shops,
          nicolae_shop_behind_doors, nicolae_shop_window_shopping,
          nicolae_shop_window_shopping, shop,
          portal_desolation_entry_nicolae_slug, infiniplex_enter_wizlab_glasses
Vaults:2: st_lines, nicolae_vaults_little_squares_1, v_alt_pattern_3, v_misc_4,
          vaults_dpeg_doors, serial_ice_g, nicolae_vaults_twisting_passages,
          nicolae_vaults_network_square, ontoclasm_vaults_twist,
          nicolae_vaults_ninety_degrees, vaults_room_hallway,
          grunt_vaults_hallway_long
Vaults:3: minmay_crypt_entry_skeletal_spiral, nicolae_vaults_diagonal_hallway_9,
          v_misc_11, v_pattern_3, v_rooms_2, ontoclasm_vaults_chip,
          vaults_dpeg_spiral, nicolae_vaults_rhombus_6, vaults_room_glass_cross,
          hangedman_vaults_river_flow, nicolae_vaults_border_crossing,
          hangedman_vaults_impose, vaults_mumra_lcd, vaults_room_stairs_pillars,
          nicolae_vaults_little_squares_6, nicolae_vaults_little_ls,
          nicolae_vaults_angled_halls, uniq_boris
Vaults:4: vaults_room_door_hall, hangedman_vaults_nails, v_alt_pattern_1,
          v_pattern_1, hangedman_vaults_pinch
Depths:1: hell_entry, eino_curves_01, serial_bayou_lagoon_b
Depths:2: grunt_runaround, hell_entry, pan_entry
Depths:3: kennysheep_demon_jail, rand_demon_pan_entry_4,
          grunt_hell_entry_dis_mu, serial_glass, glass_columns_c,
          glass_columns_c, abyss_entry, dk_noncrumbling_3
Depths:4: thingy_vault_2, gammafunk_ghost_icy, grunt_decor_mini_mirrors,
          abyss_entry, grunt_metal_band, rand_demon_pan_entry_9,
          infiniplex_staircase_zigzag_4
Abyss:3:  hangedman_abyss_or_decor_passed, nicolae_abyss_rune_star_stuff,
          evilmike_abyss_exit_8
IceCv:    ice_cave_statue_garden_chambered
Volcano:  volcano_pools
WizLab:   wizlab_iskenderun
Gauntlet: gammafunk_gauntlet_hard_choice

Skill      XL: |  1  2  3  4  5  6  7  8  9 10 11 12 13 14 15 16 17 18 19 20 21 22 23 24 |
---------------+-------------------------------------------------------------------------+-----
Armour         | 1 2 3 4 5 6 8 9 10 12 13 14 | 14.9
Fighting       | 3 4 5 7 8 10 12 13 14 15 16 17 18 20 21 22 | 22.7
Dodging        | 3 4 5 6 7 8 10 11 12 13 | 13.1
Axes           | 5 6 7 10 14 15 16 18 20 21 22 | 22.9
Invocations    | 1 5 7 9 10 11 12 13 15 17 18 | 18.0
Evocations     | 3 5 7 10 11 13 14 15 | 15.0
Spellcasting   | 4 6 8 9 11 12 | 12.8
Throwing       | |  1.7

Action                   |  1- 3 |  4- 6 |  7- 9 | 10-12 | 13-15 | 16-18 | 19-21 | 22-24 || total
-------------------------+-------+-------+-------+-------+-------+-------+-------+-------++-------
Melee: War axe           |    89 |   175 |   205 |   294 |       |       |       |       ||   763
       Battleaxe         |       |       |       |   119 |   722 |  1137 |  1234 |  1021 ||  4233
Invok: Lesser Servant of |       |       |     1 |     8 |     1 |       |       |       ||    10
       Minor Destruction |       |       |       |     9 |     5 |    35 |       |       ||    49
       Major Destruction |       |       |       |       |       |    17 |    10 |       ||    27
       Greater Servant o |       |       |       |       |       |     6 |    12 |     5 ||    23
 Abil: Evoke Invisibilit |       |       |       |       |       |       |     3 |     3 ||     6
  Use: Potion            |       |     1 |     3 |       |     2 |     5 |     5 |     1 ||    17
       Scroll            |       |       |    18 |     6 |    15 |     8 |     4 |     2 ||    53
 Stab: Distracted        |       |       |       |     2 |     1 |     4 |     7 |       ||    14
       Petrified         |       |       |       |       |     9 |       |       |       ||     9
       Petrifying        |       |       |       |       |     1 |       |       |       ||     1
       Confused          |       |       |       |       |       |     1 |       |       ||     1
       Invisible         |       |       |       |       |       |     1 |     6 |    16 ||    23
       Held in net/web   |       |       |       |       |       |       |     2 |       ||     2
  Eat: Chunk             |     2 |     7 |    11 |    12 |    19 |    15 |    26 |    18 ||   110
       Ration            |       |       |       |     1 |       |     7 |     1 |     1 ||    10
Armor: Scale mail        |    13 |       |       |       |       |       |       |       ||    13
       Chain mail        |    36 |   103 |   105 |   207 |   274 |   896 |   319 |       ||  1940
       Crystal plate arm |       |       |       |       |       |       |   339 |   883 ||  1222
Dodge: Dodged            |    51 |    78 |   108 |   261 |   391 |   797 |   533 |   480 ||  2699
Block: Other             |       |       |       |       |    31 |   167 |       |       ||   198
       Reflection        |       |       |       |       |     5 |     2 |       |       ||     7

Table legend:
 A = Non-vault XP
 B = Vault XP
 C = Vault XP percentage of total XP
 D = Non-vault monster count
 E = Vault monster count
 F = Vault count percentage of total count
                 A         B        C        D         E       F
            +---------+---------+-------+---------+---------+-------
      Total |  505641 |  393275 |  43.7 |    1286 |     655 |  33.7
            +---------+---------+-------+---------+---------+-------
        D:1 |      27 |       2 |   6.9 |      16 |       1 |   5.9
        D:2 |      22 |      43 |  66.2 |      11 |       1 |   8.3
        D:3 |      22 |       9 |  29.0 |       8 |       5 |  38.5
        D:4 |     243 |       0 |   0.0 |      19 |       0 |   0.0
        D:5 |     445 |     685 |  60.6 |      19 |      16 |  45.7
        D:6 |     807 |       0 |   0.0 |      17 |       0 |   0.0
        D:7 |    1192 |       0 |   0.0 |      28 |       0 |   0.0
        D:8 |      63 |       0 |   0.0 |       8 |       0 |   0.0
        D:9 |     696 |     121 |  14.8 |       7 |       1 |  12.5
       D:10 |    2491 |    1733 |  41.0 |      19 |      25 |  56.8
       D:11 |    2390 |     959 |  28.6 |      17 |       3 |  15.0
       D:12 |   13136 |     148 |   1.1 |      61 |       7 |  10.3
       D:13 |    7452 |    1497 |  16.7 |      40 |       2 |   4.8
       D:14 |   12575 |    7645 |  37.8 |      35 |      11 |  23.9
       D:15 |    8714 |    3221 |  27.0 |      22 |       4 |  15.4
     Lair:1 |    4461 |     425 |   8.7 |      17 |       3 |  15.0
     Lair:2 |    1403 |     639 |  31.3 |       9 |       1 |  10.0
     Lair:3 |    1708 |    1346 |  44.1 |       9 |      18 |  66.7
     Lair:4 |    7677 |    2566 |  25.1 |      27 |      14 |  34.1
     Lair:5 |    8470 |     989 |  10.5 |      19 |       4 |  17.4
     Lair:6 |    7869 |   16497 |  67.7 |      30 |      38 |  55.9
    Swamp:1 |   10675 |    1200 |  10.1 |      22 |       1 |   4.3
    Swamp:2 |   14571 |       0 |   0.0 |      30 |       0 |   0.0
    Swamp:3 |   18371 |   14648 |  44.4 |      35 |      43 |  55.1
    Swamp:4 |   11232 |   16637 |  59.7 |      28 |      44 |  61.1
   Spider:1 |   16625 |       0 |   0.0 |      48 |       0 |   0.0
   Spider:2 |   21662 |       0 |   0.0 |      70 |       0 |   0.0
   Spider:3 |   16661 |    2220 |  11.8 |      38 |       1 |   2.6
   Spider:4 |   27921 |   30296 |  52.0 |      58 |      70 |  54.7
      Orc:1 |    2228 |       0 |   0.0 |      32 |       0 |   0.0
      Orc:2 |    3061 |   18976 |  86.1 |      23 |      48 |  67.6
   Vaults:1 |   34816 |    8770 |  20.1 |      72 |      15 |  17.2
   Vaults:2 |   18678 |   21748 |  53.8 |      43 |      30 |  41.1
   Vaults:3 |   24382 |   42191 |  63.4 |      35 |      54 |  60.7
   Vaults:4 |   46337 |    7625 |  14.1 |      77 |      14 |  15.4
   Depths:1 |   48431 |       0 |   0.0 |      75 |       0 |   0.0
   Depths:2 |    1376 |  110745 |  98.8 |       5 |      90 |  94.7
   Depths:3 |   27079 |   14652 |  35.1 |      34 |      22 |  39.3
   Depths:4 |   20238 |   31419 |  60.8 |      23 |      21 |  47.7
    Abyss:2 |   18151 |       0 |   0.0 |      19 |       0 |   0.0
    Abyss:3 |   41283 |       0 |   0.0 |      81 |       0 |   0.0
      IceCv |       0 |    3265 | 100.0 |       0 |      11 | 100.0
    Volcano |       0 |    3385 | 100.0 |       0 |       6 | 100.0
     WizLab |       0 |   23949 | 100.0 |       0 |      28 | 100.0
   Gauntlet |       0 |    3024 | 100.0 |       0 |       3 | 100.0
            +---------+---------+-------+---------+---------+-------

Vault maps used:
D:1:      minmay_arrival_three_doors, minmay_ruptured
D:2:      makhleb_heckhound_becter, uniq_crazy_yiuf_cottage, uniq_sigmund
D:3:      tgw_trog, chequers_serial_rivers_micro_d
D:4:      first_ration
D:5:      cheibrodos_fzero, gammafunk_ghost_nasty_kobolds,
          nemelex_dance_club_becter
D:6:      kennysheep_decorative_pillar
D:7:      minmay_temple_entry_trees
D:9:      serial_glass, glass_columns_c, glass_columns_b, kennysheep_doodads,
          grunt_ogre_cave
D:10:     dpeg_oklobed_lair, special_room
D:11:     basic_altar, bh_circular_ruins, uniq_fannar
D:12:     david_orc_2
D:13:     david_vaults_4, minmay_misc_feat_ornament,
          chequers_serial_rivers_room_a, tgw_lugonu_bribe
D:14:     minmay_textured_paths, hangedman_decor_peaks_small, stair_cage_line
D:15:     hangedman_depths_entry_try_elsewhere_first, hangedman_decor_growths,
          gauntlet_entry_generic
Lair:1:   uniq_grum
Lair:2:   swamp_mist_pool, patterned_corridor, uniq_sonja
Lair:3:   beast_lair_carwin_large_3, nicolae_spider_entry_non_spiders,
          nicolae_volcano_entry_lava_flow
Lair:4:   ice2_lemuel
Lair:5:   dpeg_slime_entry_enclosed_altar, bobbens_ice_dragon_lair
Lair:6:   hangedman_lair_in_review, guppyfry_lair_end_dragon, st_stairs_11
Swamp:1:  evilmike_swamp_ruin_house_3, uniq_louise
Swamp:2:  infiniplex_staircase_pool
Swamp:3:  cheibrodos_swamp_mausoleum, gammafunk_ghost_hydra_chop,
          serial_swamp_ruin, evilmike_swamp_ruin_house_4,
          evilmike_swamp_ruin_rubble_1, evilmike_swamp_ruin_wall, swamp_pool1
Swamp:4:  swamp_pestilence
Spider:4: floodkiller_spider_rune_tomb, spider_trap, uniq_agnes
Orc:1:    serial_shops, shop_fountains
Orc:2:    st_orc_ogre_mass, portal_ice_cave_rime, basic_altar,
          lightli_orcish_oven
Vaults:1: nicolae_vaults_windows_and_doors_thing, v_misc_17, v_misc_16,
          grunt_vaults_focal, vaults_dpeg_diagonal,
          vaults_room_hangedman_quadrants, serial_shops,
          nicolae_shop_behind_doors, nicolae_shop_window_shopping,
          nicolae_shop_window_shopping, shop,
          portal_desolation_entry_nicolae_slug, infiniplex_enter_wizlab_glasses
Vaults:2: st_lines, nicolae_vaults_little_squares_1, v_alt_pattern_3, v_misc_4,
          vaults_dpeg_doors, serial_ice_g, nicolae_vaults_twisting_passages,
          nicolae_vaults_network_square, ontoclasm_vaults_twist,
          nicolae_vaults_ninety_degrees, vaults_room_hallway,
          grunt_vaults_hallway_long
Vaults:3: minmay_crypt_entry_skeletal_spiral, nicolae_vaults_diagonal_hallway_9,
          v_misc_11, v_pattern_3, v_rooms_2, ontoclasm_vaults_chip,
          vaults_dpeg_spiral, nicolae_vaults_rhombus_6, vaults_room_glass_cross,
          hangedman_vaults_river_flow, nicolae_vaults_border_crossing,
          hangedman_vaults_impose, vaults_mumra_lcd, vaults_room_stairs_pillars,
          nicolae_vaults_little_squares_6, nicolae_vaults_little_ls,
          nicolae_vaults_angled_halls, uniq_boris
Vaults:4: vaults_room_door_hall, hangedman_vaults_nails, v_alt_pattern_1,
          v_pattern_1, hangedman_vaults_pinch
Depths:1: hell_entry, eino_curves_01, serial_bayou_lagoon_b
Depths:2: grunt_runaround, hell_entry, pan_entry
Depths:3: kennysheep_demon_jail, rand_demon_pan_entry_4,
          grunt_hell_entry_dis_mu, serial_glass, glass_columns_c,
          glass_columns_c, abyss_entry, dk_noncrumbling_3
Depths:4: thingy_vault_2, gammafunk_ghost_icy, grunt_decor_mini_mirrors,
          abyss_entry, grunt_metal_band, rand_demon_pan_entry_9,
          infiniplex_staircase_zigzag_4
Abyss:3:  hangedman_abyss_or_decor_passed, nicolae_abyss_rune_star_stuff,
          evilmike_abyss_exit_8
IceCv:    ice_cave_statue_garden_chambered
Volcano:  volcano_pools
WizLab:   wizlab_iskenderun
Gauntlet: gammafunk_gauntlet_hard_choice

Table legend:
 A = Turns spent in this place as a percentage of turns spent in the entire game.
 B = Non-inter-level travel turns spent in this place as a percentage of non-inter-level travel turns spent in the entire game.
 C = Inter-level travel turns spent in this place as a percentage of turns spent in this place.
 D = Turns resting spent in this place as a percentage of non-inter-level travel turns spent in this place.
 E = Turns spent auto-exploring this place as a percentage of non-inter-level travel turns spent in this place.
 F = Non-inter-level travel turns spent in this place divided by the number of levels of this place that you've seen.
                   A       B       C       D       E      F
               +-------+-------+-------+-------+-------+----------------------
         Total | 100.0 | 100.0 |   7.6 |  12.1 |  63.8 | 889.8
       Dungeon |  29.2 |  28.5 |   9.9 |   6.3 |  75.6 | 776.8
          Lair |  12.9 |  12.4 |  11.5 |   3.7 |  76.6 | 844.7
         Swamp |  11.3 |  11.3 |   7.2 |  23.0 |  54.6 | 1157.5
   Spider Nest |  11.3 |  11.4 |   7.1 |  25.7 |  52.1 | 1164.2
  Orcish Mines |   3.4 |   3.0 |  19.7 |   0.0 |  74.4 | 608.0
        Vaults |  11.9 |  12.0 |   6.4 |   0.0 |  71.2 | 1232.5
        Depths |  10.7 |  11.4 |   1.5 |   5.9 |  63.1 | 1165.2
         Abyss |   2.5 |   2.7 |   0.0 |  11.9 |  37.4 | 373.7
      Ice Cave |   0.4 |   0.4 |   0.0 |   0.0 |   1.8 | 163.0
       Volcano |   0.7 |   0.8 |   0.0 |   1.0 |  73.2 | 313.0
        Wizlab |   4.1 |   4.4 |   0.0 |  64.5 |  14.8 | 1813.0
      Gauntlet |   1.6 |   1.7 |   0.0 |  26.0 |  26.9 | 709.0
               +-------+-------+-------+-------+-------+----------------------

Table legend:
 A = Kills in this place as a percentage of kills in entire the game.
 B = Kills by you in this place as a percentage of kills by you in the entire game.
 C = Kills by friends in this place as a percentage of kills by friends in the entire game.
 D = Other kills in this place as a percentage of other kills in the entire game.
 E = Experience gained in this place as a percentage of experience gained in the entire game.
 F = Experience gained in this place divided by the number of levels of this place that you have seen.
                   A       B       C       D       E      F
               +-------+-------+-------+-------+-------+----------------------
         Total | 100.0 | 100.0 | 100.0 | 100.0 | 100.0 | 19541.7
       Dungeon |  20.8 |  21.4 |   6.5 |   0.0 |   7.4 | 4422.5
          Lair |   9.7 |  10.1 |   2.6 |   0.0 |   6.0 | 9008.3
         Swamp |  10.5 |  10.4 |  13.0 |   0.0 |   9.7 | 21833.5
   Spider Nest |  14.7 |  14.1 |  27.3 |  20.0 |  12.8 | 28846.2
  Orcish Mines |   5.3 |   5.5 |   0.0 |   0.0 |   2.7 | 12132.5
        Vaults |  17.5 |  18.0 |   5.2 |  20.0 |  22.8 | 51136.8
        Depths |  13.9 |  14.1 |   7.8 |  20.0 |  28.2 | 63485.0
         Abyss |   5.2 |   3.9 |  32.5 |  40.0 |   6.6 | 19811.3
      Ice Cave |   0.6 |   0.6 |   0.0 |   0.0 |   0.4 | 3265.0
       Volcano |   0.3 |   0.3 |   1.3 |   0.0 |   0.4 | 3385.0
        Wizlab |   1.4 |   1.3 |   3.9 |   0.0 |   2.7 | 23949.0
      Gauntlet |   0.2 |   0.2 |   0.0 |   0.0 |   0.3 | 3024.0
               +-------+-------+-------+-------+-------+----------------------
